 Dungeon Crawl Stone Soup version 0.30.0-11-gf55b779eaf (webtiles) character file.

Game seed: 13397422089978281922

644 Jackthecabe the Trooper (level 7, -2/57 HPs)
             Began as a Djinni Fire Elementalist on May 17, 2023.
             Slain by an ogre
             ... wielding a +0 giant club
              (31 damage)
             ... on level 5 of the Dungeon.
             The game lasted 00:05:48 (3753 turns).

Jackthecabe the Trooper (Djinni Fire Elementalist)  Turns: 3753, Time: 00:05:49

Health: -2/57      AC:  3    Str:  7    XL:     7   Next: 82%
Gold:   162        EV: 11    Int: 19    God:
                   SH:  0    Dex: 14

rFire   + + .        (no weapon)
rCold   x . .        (no shield)
rNeg    . . .        n - +0 leather armour
rPois   ∞            (no helmet)
rElec   .            (no cloak)
rCorr   .            (no gloves)
SInv    .            (boots unavailable)
Will    .....        (no amulet)
Stlth   ++           I - +1 ring of intelligence
HPRegen 0.29/turn    Z - ring of wizardry
MPRegen 0.00/turn

%: wizardry (x1), infuse magic (-3 HP)
@: flying
A: sickness immunity, fire resistance 2, cold vulnerability 1, float, innate
caster, HP casting, extra vitality 1
a: no special abilities


You were on level 5 of the Dungeon.
You visited 1 branch of the dungeon, and saw 5 of its levels.

You collected 190 gold pieces.
You spent 28 gold pieces at shops.


Innate Abilities, Weirdness & Mutations

You are immune to sickness and miasma.
You are immune to poison.
Your flesh is very heat resistant. (rF++)
You are vulnerable to cold. (rC-)
You float through the air rather than walking.
You learn spells naturally, not from books.
Your magical power is your life essence.
You have superior vitality. (+4 MHP)


   Skills:
 * Level 6.3 Fighting
 - Level 2.1 Dodging
 - Level 1.5 Stealth
 + Level 4.2 Spellcasting


You knew the following spells:

 Your Spells              Type           Power      Damage    Failure   Level
f - Foxfire               Conj/Fire      80%        2x1d8     1%          1
r - Inner Flame           Hex/Fire       20%        N/A       4%          3
t - Static Discharge      Conj/Air       40%        2-4/arc   2%          2
z - Shock                 Conj/Air       80%        1d8       1%          1
B - Blink                 Tloc           40%        N/A       2%          2
X - Scorch                Fire           40%        2d6       2%          2
Y - Volatile Blastmotes   Fire/Tloc      40%        2d13      4%          3
Z - Flame Wave            Conj/Fire      20%        2d7       14%         4
Your spell library was empty.

Inventory:

Armour
 a - a +0 robe
 n - a +0 leather armour (worn)
Magical Staves
 m - a staff of poison {!a}
Jewellery
 I - a +1 ring of intelligence (left hand)
 T - a +4 ring of protection
 Z - a ring of wizardry (right hand)
Scrolls
 b - a scroll of brand weapon {unknown}
 c - a scroll of enchant armour {unknown}
 f - 3 scrolls of magic mapping {unknown}
 g - 5 scrolls of identify {unknown}
 i - 3 scrolls of teleportation {unknown}
 k - 2 scrolls of immolation {unknown}
 l - a scroll of fear {unknown}
Potions
 d - 3 potions of curing {unknown}
 e - a potion of brilliance {unknown}
 h - a potion of mutation {unknown}
 j - a potion of ambrosia {unknown}
 o - a potion of resistance {unknown}
 p - a potion of degeneration {unknown}

Dungeon Overview and Level Annotations

Branches:
Dungeon (5/15)
 Temple: D:4-7

Altars:
Nemelex Xobeh

Shops:
D:1

= ### ### ### ### #.# #.# #.#
..#
##.####.#####.#####.##..####.#
..............................
##.####.####...o....##..####.#
........................#
##.##.................).......
#. #.#.###.#O#####.#)..#.##.#
#.##.#.###.#@..............
▒.▒.▒...................... .
▒.▒.▒###.#.#.###.#..#####..
▒.▒+▒+▒.▒............. .. .. ▒
▒.......▒###.#.#.... ... .
.▒+......▒.# #.# ..#.#
▒.▒.......▒# #.# ..# #
.▒.▒+▒+▒.▒........ ..
▒.▒.▒.▒.▒.▒##....


You could see an ogre and an orc priest.


Message History

Confirm with . or Enter, or press ? or * to list all spells.
Flames lash the orc priest.
The orc priest is moderately wounded.
The orc priest's fire resistance burns away.
The orc zaps a wand.
Some rock shatters into small pieces.
An ogre comes into view. It is wielding a +0 giant club.
Casting: Scorch (safe; 2% risk of failure)
Confirm with . or Enter, or press ? or * to list all spells.
Flames lash the orc priest.
The orc priest is burned terribly!
The orc priest is severely wounded.
The ogre shouts!
The orc priest calls upon Beogh to heal the orc.
The orc is healed somewhat.
Casting: Scorch (safe; 2% risk of failure)
Confirm with . or Enter, or press ? or * to list all spells.
Flames lash the orc priest.
The orc priest is burned terribly!
You kill the orc priest!
The orc priest looks braver for a moment.
You hear a zap.
You hear a grinding noise.
The ogre attacks as you move away! The ogre barely misses you.
The orc priest mumbles some strange prayers to Beogh against you.
Beogh smites you!
The orc zaps a wand.
Some rock shatters into small pieces.
The ogre closely misses you.
The orc priest calls down the wrath of Beogh upon you.
Beogh smites you! The ogre attacks as you move away!
The ogre hits you with a +0 giant club!!
Ouch! That really hurt!
You die...

Skill      XL: |  1  2  3  4  5  6 |
---------------+-------------------+-----
Fighting       | 1 2 3 4 6 |  6.3
Spellcasting   | 3 4 |  4.2
Dodging        | |  2.1
Stealth        | |  1.5

Action                     |  1- 3 |  4- 6 |  7- 9 || total
---------------------------+-------+-------+-------++-------
   Cast: Foxfire           |    33 |    55 |    13 ||   101
         Scorch            |    17 |    37 |    10 ||    64
 Armour: Robe              |     1 |     1 |       ||     2
         Leather armour    |       |       |     1 ||     1
  Dodge: Dodged            |     2 |    14 |     4 ||    20

Levels and vault maps discovered:
D:1:      dpeg_arrival_line_fractal, layout_loops_ring,
          nicolae_shop_unique_rings, kennysheep_nondescript
D:2:      layout_rooms, st_stairs_12, serial_bayou_pond_a, uniq_terence
D:3:      layout_basic, mainiacjoe_overflow_boulevard, bh_walls_and_bars,
          uniq_jessica
D:4:      layout_cave_pods, nrook_loot_triangle, uniq_pikel
D:5:      layout_basic

Notes
Turn   | Place    | Note
-------+----------+-------------------------------------------
     0 | D:1      | Jackthecabe the Djinni Fire Elementalist began the quest
                  | for the Orb.
     0 | D:1      | Jackthecabe set off with the following spells memorised:
                  | Foxfire, Scorch, Volatile Blastmotes, Inner Flame, Flame
                  | Wave.
     0 | D:1      | Reached XP level 1. HP: 15/15 MP: 0/0
    58 | D:1      | Reached skill level 1 in Fighting
    98 | D:1      | Reached XP level 2. HP: 20/22 MP: 0/0
   265 | D:1      | Reached XP level 3. HP: 25/28 MP: 0/0
   265 | D:1      | Learned a level 1 spell: Shock
   303 | D:1      | Reached skill level 2 in Fighting
   593 | D:1      | Found Isuvashu's One-of-a-Kind Rings.
   605 | D:1      | Bought a +1 ring of intelligence for 28 gold pieces
   973 | D:2      | Reached XP level 4. HP: 31/34 MP: 0/0
  1025 | D:2      | Noticed Terence
  1033 | D:2      | Killed Terence
  1034 | D:2      | Reached skill level 3 in Fighting
  1034 | D:2      | Reached skill level 3 in Spellcasting
  1439 | D:2      | Reached XP level 5. HP: 39/40 MP: 0/0
  1439 | D:2      | Learned a level 2 spell: Blink
  1858 | D:3      | Found a sparkling altar of Nemelex Xobeh.
  1880 | D:3      | Noticed Jessica
  1883 | D:3      | Killed Jessica
  1884 | D:3      | Reached skill level 4 in Fighting
  2664 | D:4      | Reached XP level 6. HP: 42/47 MP: 0/0
  2813 | D:4      | Noticed Pikel
  2871 | D:3      | Killed Pikel
  2872 | D:3      | Reached skill level 6 in Fighting
  2872 | D:3      | Reached skill level 4 in Spellcasting
  2872 | D:3      | Reached XP level 7. HP: 29/56 MP: 0/0
  2872 | D:3      | Learned a level 2 spell: Static Discharge
  3634 | D:5      | Entered Level 5 of the Dungeon
  3753 | D:5      | Slain by an ogre

Vanquished Creatures
  Pikel (D:3)
  2 lemures (D:4)
  2 orc priests
  Jessica (D:3)
  Terence (D:2)
  3 adders
  3 dart slugs
  10 orcs
  6 endoplasms
  3 giant cockroaches
  6 goblins
  7 hobgoblins
  6 jackals (D:1)
  2 kobolds
  2 quokkas
  7 ball pythons
  7 bats
  2 frilled lizards
  6 rats
77 creatures vanquished.

Vanquished Creatures (collateral kills)
  2 foxfires (D:3)
2 creatures vanquished.

Vanquished Creatures (others)
  170 foxfires
170 creatures vanquished.

Grand Total: 249 creatures vanquished

Table legend: (Time is in decaauts)
 A = Elapsed time spent in this place.
 B = Non-inter-level travel time spent in this place.
 C = Inter-level travel time spent in this place.
 D = Time resting spent in this place.
 E = Time spent auto-exploring this place.
 F = Levels seen in this place.
 G = Mean time per level.
                   A        B        C        D        E       F      G
               +--------+--------+--------+--------+--------+-----+--------+
         Total |   3752 |   3642 |    110 |    185 |   2966 |   5 |  750.4 |
       Dungeon |   3752 |   3642 |    110 |    185 |   2966 |   5 |  750.4 |
               +--------+--------+--------+--------+--------+-----+--------+

Top non-repeatable levels by time:
     D:3: 1105 daAuts
     D:1: 967 daAuts
     D:4: 876 daAuts
     D:2: 683 daAuts
     D:5: 118 daAuts

Table legend:
 A = Non-vault XP
 B = Vault XP
 C = Vault XP percentage of total XP
 D = Non-vault monster count
 E = Vault monster count
 F = Vault count percentage of total count
                 A         B        C        D         E       F
            +---------+---------+-------+---------+---------+-------
      Total |     254 |     667 |  72.4 |      71 |       4 |   5.3
            +---------+---------+-------+---------+---------+-------
        D:1 |      53 |       0 |   0.0 |      28 |       0 |   0.0
        D:2 |      53 |      37 |  41.1 |      17 |       2 |  10.5
        D:3 |      87 |     630 |  87.9 |      16 |       2 |  11.1
        D:4 |      13 |       0 |   0.0 |       7 |       0 |   0.0
        D:5 |      48 |       0 |   0.0 |       3 |       0 |   0.0
            +---------+---------+-------+---------+---------+-------
